 Dungeon Crawl Stone Soup version 0.21.0-25-ge575cb9 (webtiles) character file.

543 Moloch the Ruffian (level 7, 22/37 HPs)
             Began as a Vine Stalker Fighter on Jan 24, 2018.
             Quit the game on level 2 of the Abyss.
             The game lasted 00:04:23 (2364 turns).

Moloch the Ruffian (Vine Stalker Fighter)           Turns: 2364, Time: 00:04:25

Health: 22/37      AC:  8    Str: 18    XL:     7   Next: 27%
Magic:  6/8        EV:  7    Int:  8    God:
Gold:   182        SH:  9    Dex: 16    Spells: 6/6 levels left

rFire    . . .     SeeInvis .     - Unarmed
rCold    . . .     Gourm    .   b - +0 shield
rNeg     . . .     Faith    .   a - +0 scale mail
rPois    .         Spirit   +   f - +2 hat
rElec    .         Reflect  .   (no cloak)
rCorr    .         Harm     .   (no gloves)
MR       .....                  (no boots)
Stlth    ..........             (no amulet)
HPRegen  0.52/turn              (no ring)
MPRegen  0.11/turn              (no ring)

@: no status effects
A: fangs 2, regeneration 1, magic shield, antimagic bite, no potion heal 3, rot
immunity
a: no special abilities


You were on level 2 of the Abyss.
You were not hungry.

You visited 1 branch of the dungeon, and saw 4 of its levels.
You visited the Abyss 1 time.

You collected 182 gold pieces.

Inventory:

Armour
 a - a +0 scale mail (worn)
 b - a +0 shield (worn)
 f - a +2 hat (worn)
Jewellery
 l - an uncursed ring of positive energy {unknown}
Scrolls
 h - 4 scrolls of identify {unknown}
 i - 4 scrolls of noise {unknown}
 j - 2 scrolls of remove curse {unknown}
 k - a scroll of random uselessness {unknown}
 m - a scroll of immolation {unknown}
Potions
 c - 3 potions of might
 e - a potion of lignification {unknown}
 g - 2 potions of haste {unknown}
 o - a potion of mutation {unknown}
Comestibles
 d - 8 rations
 n - 14 chunks of flesh


   Skills:
 + Level 3.6 Fighting
 - Level 2.4 Armour
 - Level 2.6 Shields
 * Level 7.2 Unarmed Combat


You had 6 spell levels left.
You didn't know any spells.

Dungeon Overview and Level Annotations

Branches:
Dungeon (4/15)
 Temple: D:4-7

Altars:
Trog

Annotations:
D:4 Moloch's ghost, novice OpWz


Innate Abilities, Weirdness & Mutations

You have extremely sharp teeth.
Your natural rate of healing is unusually fast.
When hurt, damage is shared between your health and your magic reserves.
Your bite disrupts and absorbs the magic of your enemies.
Potions cannot restore your health.
You are immune to rotting.


Message History

Your bite misses the crimson imp.
The crimson imp is almost dead.
You block the crimson imp's attack.
You punch the crimson imp!
You kill the crimson imp!
You punch Moloch's ghost!
Moloch's ghost is heavily damaged.
Moloch's ghost shouts, "I have seen your future, and it is all used up."
Moloch's ghost stares at you and mumbles some strange words.
The magic dart hits you!
You hit Moloch's ghost. Your bite misses Moloch's ghost.
Moloch's ghost is heavily damaged.
Moloch's ghost hits you but does no damage.
You are cast into the Abyss!
To return, you must find a gate leading back.
Killing monsters will force the Abyss to allow you passage.
This branch contains the abyssal rune of Zot.
The ghost fades into the shadows.
Moloch's ghost disappears!
Unknown command.
Are you sure you want to abandon this character and quit the game? (Confirm with "yes".)

###### #.@..#
#...........
.....######.#..
.... .. .#. .
.. .


There were no monsters in sight!

Vanquished Creatures
  A wyvern (D:4)
  An ogre (D:4)
  2 orc priests (D:3)
  A bullfrog skeleton (D:4)
  2 orc wizards
  A centaur skeleton (D:4)
  3 adders
  3 oozes
  4 worms
  3 dart slugs
  2 leopard geckos
  13 orcs
  5 bats
  2 goblins
  7 hobgoblins
  7 jackals
  A quokka (D:2)
  5 frilled lizards
  4 kobolds
  12 rats
79 creatures vanquished.

Notes
Turn   | Place    | Note
-------+----------+-------------------------------------------
     0 | D:1      | Moloch the Vine Stalker Fighter began the quest for the Orb.
     0 | D:1      | Reached XP level 1. HP: 11/11 MP: 2/2
   134 | D:1      | Reached XP level 2. HP: 11/16 MP: 3/3
   498 | D:2      | Reached XP level 3. HP: 20/20 MP: 4/4
   562 | D:2      | Reached skill level 3 in Unarmed Combat
  1063 | D:2      | Noticed a moth of wrath
  1066 | D:2      | Found a bloodstained altar of Trog.
  1130 | D:2      | Gained mutation: Your natural rate of healing is unusually fast. [Vine Stalker growth]
  1130 | D:2      | Reached XP level 4. HP: 19/24 MP: 5/5
  1257 | D:3      | Reached skill level 4 in Unarmed Combat
  1324 | D:3      | Reached XP level 5. HP: 27/28 MP: 6/6
  1650 | D:3      | Reached skill level 5 in Unarmed Combat
  1983 | D:4      | Reached XP level 6. HP: 32/32 MP: 7/7
  2002 | D:4      | Noticed Moloch's ghost (novice OpWz)
  2159 | D:4      | Reached skill level 6 in Unarmed Combat
  2299 | D:4      | Noticed a wyvern
  2314 | D:4      | Killed a wyvern
  2314 | D:4      | Reached skill level 7 in Unarmed Combat
  2314 | D:4      | Reached XP level 7. HP: 7/37 MP: 3/8
  2363 | D:4      | Cast into level 2 of the Abyss (Moloch's ghost)
  2364 | Abyss:2  | Quit the game

Skill      XL: |  1  2  3  4  5  6 |
---------------+-------------------+-----
Fighting       | 3 |  3.6
Unarmed Combat | 3 4 5 7 |  7.2
Armour         | |  2.4
Shields        | |  2.6

Action                   |  1- 3 |  4- 6 |  7- 9 || total
-------------------------+-------+-------+-------++-------
Melee: Unarmed           |   129 |   157 |    22 ||   308
       Bite              |    35 |    53 |     8 ||    96
  Eat: Chunk             |     1 |     4 |       ||     5
Armor: Scale mail        |    53 |    41 |     4 ||    98
Dodge: Dodged            |    33 |    36 |     5 ||    74
Block: Shield            |    51 |    63 |    12 ||   126
